 Dungeon Crawl Stone Soup version 0.25-a0-516-g7d600cd (webtiles) character file.

Game seed: 4941503815236043068, levelgen mode: deterministic

968 Ceann the Firebug (level 8, -3/48 HPs)
             Began as an Octopode Fire Elementalist on Feb 16, 2020.
             Was an Initiate of Vehumet.
             Killed by nerve-wracking pain
             ... invoked by an orc priest
              (7 damage)
             ... on level 6 of the Dungeon.
             The game lasted 00:18:11 (5424 turns).

Ceann the Firebug (Octopode Fire Elementalist)      Turns: 5424, Time: 00:18:12

Health: -3/48      AC:  4    Str:  8    XL:     8   Next: 16%
Magic:  5/15       EV: 29    Int: 24    God:    Vehumet [......]
Gold:   191        SH:  6    Dex: 20    Spells: 9/17 levels left

rFire    + . .     SeeInvis .   d - +1 dagger (elec)
rCold    + . .     Gourm    .   k - +2 buckler
rNeg     . . .     Faith    .   (helmet restricted)
rPois    .         Spirit   .   f - amulet of the acrobat
rElec    .         Reflect  .   l - ring of flight
rCorr    .         Harm     .   m - +3 ring of protection
MR       .....                  n - +6 ring of dexterity
Stlth    ++++......             t - ring of protection from cold
HPRegen  0.56/turn              (no ring)
MPRegen  0.14/turn              (no ring)
                                (no ring)
                                (no ring)

@: brilliant, acrobat, hasted, very quick
A: almost no armour, stealthy swim, amphibious, 8 rings, constrict 8, camouflage
1, agile 1, fire resistance 1, sense surroundings 1, regeneration 1, gelatinous
body 1
a: Renounce Religion, Evoke Flight


You were on level 6 of the Dungeon.
You worshipped Vehumet.
Vehumet was noncommittal.
You were not hungry.

You visited 2 branches of the dungeon, and saw 7 of its levels.

You collected 191 gold pieces.

Inventory:

Hand Weapons
 d - a +1 dagger of electrocution (weapon)
Armour
 k - a +2 buckler (worn)
Magical Staves
 y - an uncursed staff of poison
Jewellery
 f - an amulet of the acrobat (around mantle)
 l - a ring of flight (left tentacle)
 m - a +3 ring of protection (right tentacle)
 n - a +6 ring of dexterity (on tentacle)
 t - a ring of protection from cold (on tentacle)
Wands
 a - a wand of acid (7)
 o - a wand of paralysis (6)
Scrolls
 e - 2 scrolls of teleportation {unknown}
 g - 2 scrolls of amnesia {unknown}
 h - 3 scrolls of identify {unknown}
 q - 2 scrolls of enchant weapon {unknown}
 r - a scroll of magic mapping {unknown}
 s - 3 scrolls of fog {unknown}
 v - a scroll of remove curse {unknown}
Potions
 c - 2 potions of mutation
 i - a potion of brilliance
 j - a potion of lignification {unknown}
 p - a potion of haste
 u - 2 potions of agility {unknown}
 x - a potion of curing {unknown}
Comestibles
 b - 7 rations


   Skills:
 + Level 1.4 Fighting
 + Level 2.1 Short Blades
 + Level 2.5 Dodging
 + Level 4.6 Stealth
 * Level 0.9 Shields
 + Level 5.1 Spellcasting
 + Level 3.6 Conjurations
 + Level 5.4 Fire Magic


You had 9 spell levels left.
You knew the following spells:

 Your Spells              Type           Power        Failure   Level  Hunger
a - Foxfire               Conj/Fire      ####         1%          1    None
b - Conjure Flame         Conj/Fire      #####...     1%          3    ##.....
d - Sticky Flame          Conj/Fire      #####...     2%          4    ####...

Your spell library contained the following spells:

 Spells                   Type           Power        Failure   Level  Hunger
 Inner Flame              Hex/Fire       ####....     1%          3    ##.....
 Fireball                 Conj/Fire      #####.....   7%          5    #####..


Dungeon Overview and Level Annotations

Branches:
Dungeon (6/15)             Temple (1/1) D:5

Altars:
Ashenzari
Cheibriados
Dithmenos
Elyvilon
Fedhas
Gozag
Hepliaklqana
Kikubaaqudgha
Makhleb
Nemelex Xobeh
Okawaru
Qazlal
Ru
Sif Muna
Trog
Uskayaw
Vehumet
Wu Jian
Xom
Yredelemnul
Zin
The Shining One

Shops:
D:4 :


Innate Abilities, Weirdness & Mutations

You cannot wear most types of armour.
You are very stealthy in the water. (Stealth+)
You are amphibious.
You can wear up to eight rings at the same time.
You can use your tentacles to constrict eight enemies at once.
Your skin changes colour to match your surroundings (Stealth+).
Your rubbery body absorbs attacks. (AC +1, EV +1)
You are agile. (Dex +2)
Your flesh is heat resistant. (rF+)
You passively map a small area around you.
Your natural rate of healing is unusually fast.


Message History

The foxfire hits the orc warrior but does no damage.
The orc warrior is heavily wounded.
The orc priest calls upon Beogh to heal the orc warrior.
The orc warrior is healed somewhat.
Okay, then.
You feel yourself speed up.
The orc hits you from afar with a +0 trident.
The orc warrior hits you with a +1 scimitar of holy wrath!
* * * LOW HITPOINT WARNING * * *
It was a potion of mutation.
You feel extremely strange.
You feel agile.
You feel resistant to heat.
You feel a strange attunement to the structure of the dungeons.
You begin to heal more quickly.
It was a potion of brilliance.
You feel clever all of a sudden. The orc completely misses you.
The orc priest looks braver for a moment.
The orc priest mumbles some strange prayers to Beogh against you.
Pain shoots through your body!
You die...

##.# #####.# ##............ .#
#####.# #............ .#
#.....# #....########* .#
###.##########.#.# ##.# #...#
#.......#.## ...# #.###
#.......#..# #..#
#.######........#.# #..#
#.............#.#.# '.#
#......oo.@...#...## #.#
#.............##...##### #.#
#...)o.....#...........#
..#####..........#...........#
........##########...........#
....[...# #...............#
^)......# #...............#
.......## #...............#
.......#### #...............#


You could see an orc warrior, an orc priest and an orc.

Vanquished Creatures
  A sky beast (D:3)
  A crocodile (D:4)
  Blork the orc (D:4)
  2 scorpions
  A howler monkey (D:5)
  A bullfrog zombie (D:5)
  4 hounds
  3 jellies
  A bullfrog skeleton (D:4)
  An orc priest (D:4)
  2 orc wizards (D:5)
  2 worker ants
  Terence (D:3)
  A hound zombie (D:5)
  4 adders
  An adder zombie (D:6)
  2 worms
  6 leopard geckos
  15 orcs
  3 bats
  7 giant cockroaches
  8 goblins
  6 hobgoblins
  8 jackals
  9 kobolds
  5 quokkas
  3 ball pythons
  5 frilled lizards
  2 leopard gecko skeletons (D:4)
  A leopard gecko zombie (D:6)
  6 rats
113 creatures vanquished.

Vanquished Creatures (others)
  279 foxfires
279 creatures vanquished.

Grand Total: 392 creatures vanquished

Notes
Turn   | Place    | Note
-------+----------+-------------------------------------------
     0 | D:1      | Ceann the Octopode Fire Elementalist began the quest for
                  | the Orb.
     0 | D:1      | Reached XP level 1. HP: 11/11 MP: 3/3
   306 | D:1      | Reached XP level 2. HP: 17/17 MP: 1/5
   932 | D:1      | Reached XP level 3. HP: 21/21 MP: 3/6
   953 | D:2      | Found a blossoming altar of Fedhas.
  1297 | D:2      | Reached XP level 4. HP: 27/27 MP: 0/7
  1811 | D:3      | Noticed a sky beast
  1869 | D:3      | Killed a sky beast
  1869 | D:3      | Reached skill level 1 in Short Blades
  1869 | D:3      | Reached XP level 5. HP: 14/32 MP: 0/9
  1968 | D:3      | Learned a level 3 spell: Conjure Flame
  2015 | D:3      | Paralysed by an orc for 4 turns
  2205 | D:3      | Noticed Terence
  2225 | D:3      | Killed Terence
  2386 | D:3      | Reached XP level 6. HP: 37/37 MP: 8/11
  2422 | D:3      | Found a bloodstained altar of Trog.
  3190 | D:4      | Found Wintocku's Book Boutique.
  3471 | D:4      | Noticed Blork the orc
  3537 | D:4      | Killed Blork the orc
  3537 | D:4      | Reached skill level 1 in Fighting
  3537 | D:4      | Reached XP level 7. HP: 32/43 MP: 4/13
  3636 | D:4      | Learned a level 4 spell: Sticky Flame
  3956 | D:5      | Entered Level 5 of the Dungeon
  4085 | D:5      | Reached skill level 5 in Fire Magic
  4630 | D:5      | Found a staircase to the Ecumenical Temple.
  4637 | Temple   | Entered the Ecumenical Temple
  4740 | Temple   | Became a worshipper of Vehumet
  4864 | D:5      | Reached XP level 8. HP: 48/48 MP: 10/15
  5090 | D:6      | Reached skill level 5 in Spellcasting
  5418 | D:6      | HP: 2/48 [orc warrior/+1 scimitar of holy wrath (13)]
  5421 | D:6      | Gained mutation: You are agile. (Dex +2) [potion of
                  | mutation]
  5421 | D:6      | Gained mutation: Your flesh is heat resistant. (rF+)
                  | [potion of mutation]
  5421 | D:6      | Gained mutation: You passively map a small area around you.
                  | [potion of mutation]
  5421 | D:6      | Gained mutation: Your natural rate of healing is unusually
                  | fast. [potion of mutation]
  5424 | D:6      | Killed from afar by an orc priest

Levels and vault maps discovered:
D:1:      minmay_arrival_diagonal_passages, layout_loops_ring
D:2:      layout_loops_cross, fedhas_altar_1
D:3:      layout_loops_ring, bloody_trog, first_ration, uniq_terence
D:4:      layout_basic, serial_shops, nicolae_shop_crystal, uniq_blork_the_orc
D:5:      layout_loops_ring, minmay_temple_entry_wispy
D:6:      layout_basic, minmay_misc_feat_room
Temple:   regret_index_temple_sigil_plot

Skill      XL: |  1  2  3  4  5  6  7  8 |
---------------+-------------------------+-----
Short Blades   | 1 2 |  2.1
Stealth        | 3 4 |  4.6
Spellcasting   | 3 4 5 |  5.1
Conjurations   | 2 3 |  3.6
Fire Magic     | 4 5 |  5.4
Fighting       | 1 |  1.4
Dodging        | |  2.5
Shields        | |  0.9

Action                   |  1- 3 |  4- 6 |  7- 9 || total
-------------------------+-------+-------+-------++-------
Melee: Unarmed           |     3 |       |       ||     3
       Constrict         |     3 |     9 |     4 ||    16
       Tentacles         |     2 |     8 |     2 ||    12
       Dagger            |     6 |    58 |    13 ||    77
 Cast: Foxfire           |    54 |    81 |    77 ||   212
       Conjure Flame     |       |     4 |       ||     4
  Use: Potion            |       |     1 |     3 ||     4
 Stab: Sleeping          |       |     4 |     3 ||     7
       Distracted        |       |       |     1 ||     1
  Eat: Chunk             |     2 |     7 |     5 ||    14
Armor: Skin              |     1 |     9 |     4 ||    14
Dodge: Dodged            |    19 |    33 |    14 ||    66
Block: Buckler           |       |    12 |    12 ||    24

Table legend:
 A = Non-vault XP
 B = Vault XP
 C = Vault XP percentage of total XP
 D = Non-vault monster count
 E = Vault monster count
 F = Vault count percentage of total count
                 A         B        C        D         E       F
            +---------+---------+-------+---------+---------+-------
      Total |    1253 |     131 |   9.5 |     111 |       2 |   1.8
            +---------+---------+-------+---------+---------+-------
        D:1 |      35 |       0 |   0.0 |      19 |       0 |   0.0
        D:2 |      74 |       0 |   0.0 |      27 |       0 |   0.0
        D:3 |     195 |      32 |  14.1 |      21 |       1 |   4.5
        D:4 |     329 |      99 |  23.1 |      18 |       1 |   5.3
        D:5 |     481 |       0 |   0.0 |      17 |       0 |   0.0
        D:6 |     139 |       0 |   0.0 |       9 |       0 |   0.0
            +---------+---------+-------+---------+---------+-------
